AoeStats
← mfouad134

Arena

510334496Analyzed
4v4 RM · 22h ago on Sep 30, 2026· 69m 10s· 8 players
Game mode
Random Map
Map size
Large (8 player)
Population
200
Speed
Normal
Resources
Standard
Victory
Conquest
Starting age
Dark Age
Ending age
Imperial Age
RankedLock teamsTeams togetherTeam positionsShared explorationLock speedFull tech treeHidden civsTurbo modeCheats
Victory
Defeat
🇫🇷 Bohemians · France
824
+13
🇰🇿 Magyars · Kazakhstan
791
+14
🇬🇧 Slavs · United Kingdom
756
+15
🇦🇺 Sicilians · Australia
617
+21
🇨🇳 Teutons · China
787
-18
🇮🇳 Mongols · India
750
-16
🇬🇧 Huns · United Kingdom
724
-15
🇪🇬 Britons · Egypt
706
-14
ninjavarier
10:45 Feudal Age
11:38 Loom
14:52 Castle Age
13:29 Double-Bit Axe
15:16 Horse Collar
25:09 Wheelbarrow
30:27 Imperial Age
27:56 Fletching
29:14 Bodkin Arrow
29:22 Padded Archer Armor
29:36 Gold Mining
29:37 Stone Mining
31:20 Leather Archer Armor
30:53 Light Cavalry
31:43 Bloodlines
31:37 Bracer
31:49 Husbandry
32:20 Scale Barding Armor
32:44 Ballistics
33:25 Chemistry
32:02 Elite Mangudai
33:03 Conscription
32:46 Nomads
35:17 Chain Barding Armor
35:08 Forging
36:49 Masonry
37:23 Iron Casting
37:13 Hussar
42:43 Blast Furnace
55:18 Drill
60:03 Heavy Camel Rider
伐伐伐伐木工
12:57 Feudal Age
14:26 Double-Bit Axe
15:29 Wheelbarrow
16:19 Gold Mining
17:12 Horse Collar
17:54 Stone Mining
22:57 Castle Age
20:38 Man-at-Arms
21:28 Scale Mail Armor
21:46 Forging
21:55 Scale Barding Armor
22:30 Town Watch
23:39 Bloodlines
24:30 Bow Saw
25:59 Hand Cart
31:26 Town Patrol
35:38 Imperial Age
32:58 Loom
36:53 Block Printing
37:15 Theocracy
38:07 Iron Casting
37:48 Chain Mail Armor
37:53 Chain Barding Armor
37:37 Padded Archer Armor
37:27 Fletching
37:02 Cavalier
38:56 Chemistry
38:08 Masonry
38:28 Ballistics
39:13 Crenellations
39:28 Elite Teutonic Knight
41:06 Stone Shaft Mining
44:04 Ironclad
44:46 Plate Mail Armor
45:17 Bombard Tower
45:09 Fortified Wall
51:28 Caravan
61:52 Pikeman
62:32 Squires
62:32 Halberdier
mfouad134
11:54 Feudal Age
12:28 Double-Bit Axe
12:26 Horse Collar
15:05 Wheelbarrow
16:12 Gold Mining
19:21 Castle Age
18:00 Stone Mining
19:05 Padded Archer Armor
18:55 Fletching
20:14 Bow Saw
20:06 Heavy Plow
20:26 Hand Cart
21:06 Leather Archer Armor
21:17 Loom
23:43 Gold Shaft Mining
30:20 Bodkin Arrow
33:44 Imperial Age
33:51 Imperial Age
31:11 Town Watch
32:56 Yeomen
32:58 Elite Skirmisher
32:59 Crossbowman
34:06 Ballistics
33:28 Treadmill Crane
34:00 Fortified Wall
33:46 Murder Holes
34:03 Masonry
33:54 Elite Longbowman
34:56 Conscription
35:17 Hoardings
35:35 Caravan
37:05 Two-Man Saw
36:59 Ring Archer Armor
36:30 Bracer
37:35 Chemistry
37:11 Siege Engineers
37:25 Squires
37:16 Arson
38:17 Architecture
38:14 Warwolf
54:26 Town Patrol
InTrUd3r2855
59:40 Feudal Age
65:01 Horse Collar
65:09 Double-Bit Axe
stega67
0:57 Loom
11:53 Feudal Age
13:09 Wheelbarrow
12:23 Double-Bit Axe
12:28 Horse Collar
18:11 Stone Mining
18:12 Gold Mining
28:28 Castle Age
29:24 Hand Cart
29:33 Heavy Plow
29:45 Bow Saw
30:13 Forging
30:08 Squires
29:30 Pikeman
33:41 Fortified Wall
33:35 Detinets
35:40 Scale Mail Armor
36:36 Iron Casting
41:32 Imperial Age
40:42 Ballistics
40:34 Elite Skirmisher
41:33 Onager
43:19 Chemistry
42:11 Guard Tower
42:17 Murder Holes
42:57 Crop Rotation
41:53 Halberdier
48:19 Capped Ram
49:38 Druzhina
50:00 Conscription
50:46 Siege Ram
55:37 Gold Shaft Mining
56:24 Siege Onager
63:23 Caravan
夜影
2:07 Loom
10:52 Feudal Age
11:27 Double-Bit Axe
12:57 Horse Collar
20:28 Castle Age
21:34 Bow Saw
21:27 Heavy Plow
22:50 Wheelbarrow
22:01 Town Watch
23:53 Hand Cart
28:33 Town Patrol
32:06 Scale Mail Armor
32:16 Forging
32:12 Scale Barding Armor
32:07 Padded Archer Armor
31:58 Fletching
33:23 Pikeman
34:04 Squires
33:49 Arson
34:24 Chain Mail Armor
34:44 Iron Casting
35:14 Wagenburg Tactics
34:48 Elite Skirmisher
36:34 Chemistry
35:45 Masonry
35:46 Fortified Wall
35:57 Ballistics
35:27 Guard Tower
35:32 Murder Holes
35:48 Careening
35:49 Clinker Construction
36:44 Chain Barding Armor
36:20 Bodkin Arrow
36:40 Leather Archer Armor
38:59 Imperial Age
39:33 Halberdier
40:50 Architecture
40:25 Siege Engineers
40:06 Arrowslits
40:41 Bombard Tower
40:26 Siphons
40:54 Plate Mail Armor
41:25 Blast Furnace
40:12 Heavy Scorpion
40:13 Capped Ram
42:03 Two-Man Saw
44:10 Sappers
45:00 Conscription
45:21 Keep
45:07 Bombard Tower
44:51 Bracer
65:22 Bombard Tower
Monument
0:31 Loom
12:45 Feudal Age
13:27 Horse Collar
14:24 Wheelbarrow
13:38 Double-Bit Axe
20:02 Castle Age
18:44 Gold Mining
18:45 Stone Mining
19:03 Fletching
19:15 Padded Archer Armor
19:45 Scale Barding Armor
24:37 Gold Shaft Mining
28:45 Hand Cart
28:53 Bodkin Arrow
28:37 Pikeman
35:07 Imperial Age
33:36 Corvinian Army
34:16 Chain Barding Armor
34:19 Leather Archer Armor
35:34 Town Watch
36:23 Recurve Bow
37:37 Parthian Tactics
37:20 Thumb Ring
37:15 Murder Holes
37:36 Town Patrol
39:44 Conscription
42:13 Bracer
42:51 Elite Magyar Huszar
44:37 Bloodlines
44:28 Husbandry
45:23 Ring Archer Armor
45:28 Plate Barding Armor
44:54 Scale Mail Armor
48:08 Ballistics
48:50 Chemistry
47:31 Treadmill Crane
48:16 Light Cavalry
48:17 Cavalier
49:26 Heavy Cavalry Archer
52:09 Fervor
52:31 Siege Engineers
58:05 Hoardings
61:49 Caravan
67:51 Sanctity
Brown Sugar
11:52 Feudal Age
13:47 Wheelbarrow
16:50 Castle Age
15:35 Horse Collar
15:57 Double-Bit Axe
16:31 Loom
18:24 Bow Saw
26:20 Gold Mining
26:21 Stone Mining
28:48 Hand Cart
28:18 Town Watch
34:22 Heavy Plow
37:07 Imperial Age
34:40 Town Patrol
34:52 Forging
34:47 Scale Barding Armor
34:44 Scale Mail Armor
34:35 Fletching
34:45 Padded Archer Armor
36:19 Stone Shaft Mining
36:22 Gold Shaft Mining
36:24 Iron Casting
39:40 Chain Mail Armor
40:25 Blast Furnace
39:45 Chain Barding Armor
39:21 Bodkin Arrow
39:41 Leather Archer Armor
39:39 Masonry
39:50 Ballistics
40:30 Chemistry
39:25 Murder Holes
39:36 Siege Engineers
39:16 Arrowslits
39:45 Guilds
40:05 Coinage
39:36 Caravan
40:09 Crop Rotation
40:57 Plate Mail Armor
42:10 Banking
43:04 Capped Ram
44:00 Bracer
44:36 Plate Barding Armor
44:29 Arson
44:47 Squires
44:38 Siege Ram
45:49 Hauberk
46:07 Conscription
46:23 Hoardings
47:10 Cavalier
47:50 Husbandry
48:01 Bloodlines
48:18 Light Cavalry
Connection lost

Rejoining the realm…

Still unreachable

The connection could not be restored.

Session expired

The server has moved on; the page needs a fresh start.